 Dungeon Crawl Stone Soup version 0.31.0-9-g3a7656b989 (webtiles) character file.

Game seed: 3165171327529463339

1395 qw the Skirmisher (level 8, -2/42 HPs)
             Began as a Spriggan Hunter on Feb 2, 2024.
             Was a Follower of Okawaru.
             Slain by a water moccasin (5 damage)
             ... on level 5 of the Dungeon.
             The game lasted 00:00:27 (4601 turns).

qw the Skirmisher (Spriggan Hunter)                 Turns: 4601, Time: 00:00:28

Health: -2/42      AC:  5    Str:  7    XL:     8   Next: 41%
Magic:  11/11      EV: 23    Int: 11    God:    Okawaru [*.....]
Gold:   320        SH:  0    Dex: 20    Spells: 7/7 levels left

rFire   . . .        a - +2 shortbow
rCold   . . .        (shield currently unavailable)
rNeg    . . .        c - +0 robe
rPois   .            (helmet restricted)
rElec   .            j - +2 cloak
rCorr   .            (gloves unavailable)
SInv    +            (boots unavailable)
Will    +....        (no amulet)
Stlth   ++           (no ring)
HPRegen 0.27/turn    (no ring)
MPRegen 0.12/turn

%: no passive effects
@: very quick
A: very small, no large weapons, unfitting armour, see invisible, speed 3
a: Renounce Religion, Heroism


You were on level 5 of the Dungeon.
You worshipped Okawaru.
Okawaru was aware of your devotion.
You visited 2 branches of the dungeon, and saw 6 of its levels.

You collected 320 gold pieces.


Innate Abilities, Weirdness & Mutations

You are very small and have problems with some larger weapons.
You are too small for most types of armour.
You have supernaturally acute eyesight. (SInv)
You cover ground extremely quickly. (Speed+++)


   Skills:
 - Level 3.8 Fighting
 + Level 8.0 Ranged Weapons
 - Level 8.0 Dodging
 - Level 1.5 Stealth
 + Level 2.7 Invocations


You had 7 spell levels left.
You didn't know any spells.
Your spell library was empty.

Inventory:

Hand Weapons
 a - a +2 shortbow (weapon)
Armour
 c - a +0 robe (worn)
 j - a +2 cloak (worn)
Jewellery
 k - an amulet of guardian spirit
Scrolls
 h - a scroll of identify
 m - a scroll of revelation {unknown}
Potions
 b - a potion of cancellation
 d - a potion of mutation {unknown}
 e - a potion of magic {unknown}
 f - a potion of lignification {unknown}
 g - a potion of berserk rage {unknown}
 i - 2 potions of attraction {unknown}
 l - a potion of might {unknown}

Dungeon Overview and Level Annotations

Branches:
Dungeon (5/15)             Temple (1/1) D:4

Altars:
Ashenzari
Cheibriados
Dithmenos
Elyvilon
Fedhas
Gozag
Kikubaaqudgha
Makhleb
Nemelex Xobeh
Okawaru
Qazlal
Ru
Sif Muna
Trog
Uskayaw
Vehumet
Wu Jian
Xom
Yredelemnul
The Shining One

Shops:
D:1 (?!*[


Message History

The white imp is moderately wounded.
The white imp closely misses you.
You shoot an arrow. The arrow hits the white imp!
You kill the white imp!
Okawaru accepts your kill.
You shoot an arrow.
The arrow closely misses the water moccasin.
The water moccasin bites you. x2
You shoot an arrow. The arrow hits the water moccasin.
The water moccasin is moderately wounded.
The water moccasin closely misses you.
You shoot an arrow.
The arrow closely misses the water moccasin.
The water moccasin bites you. The water moccasin misses you.
You shoot an arrow.
The arrow completely misses the water moccasin.
The water moccasin closely misses you.
You shoot an arrow.
The arrow closely misses the water moccasin.
The water moccasin completely misses you.
You shoot an arrow.
The arrow barely misses the water moccasin.
The water moccasin bites you.
The water moccasin completely misses you.
You shoot an arrow. The arrow misses the water moccasin.
The water moccasin completely misses you.
You shoot an arrow. The arrow hits the water moccasin.
The water moccasin is moderately wounded.
The water moccasin misses you.
The water moccasin completely misses you.
You shoot an arrow. The arrow hits the water moccasin.
The water moccasin is heavily wounded.
The water moccasin barely misses you.
You shoot an arrow. The arrow hits the water moccasin.
The water moccasin is heavily wounded.
The water moccasin barely misses you.
You shoot an arrow.
The arrow completely misses the water moccasin.
The water moccasin bites you.
You die...

#.........#.........#
#####..
#.....##..##..#######
#..#..
#.....##..##..#
#..#..
#.............#
#..#..
#.............# #
#..#..
#############'# ~~~
#..#.. ###..# 7...7
#..'.. +....#~..)..
#..#.. #...@S......
#..#.. #....#~..$..
###..##. #....# 7...7
#.....#. #....# ~~~
#.....'.
#....#########.....#.
#...)#....#........#.
##...###'####.####.#.
#...# #.####.#######
#............#


You could see a water moccasin.

Vanquished Creatures
  A troll (D:5)
  Menkaure (D:5)
  An ice beast (D:5)
  A kobold brigand (D:4)
  A scorpion (D:5)
  4 howler monkeys (D:4)
  2 hounds
  A gnoll bouda (D:3)
  2 orc priests
  A jelly (D:4)
  An iguana (D:4)
  An orc wizard (D:3)
  19 gnolls
  9 adders
  2 white imps (D:5)
  6 dart slugs
  37 orcs
  13 ball pythons
  7 bats
  5 endoplasms
  4 giant cockroaches
  6 goblins
  10 hobgoblins
  14 jackals
  5 kobolds
  4 quokkas
  7 frilled lizards
  6 rats
171 creatures vanquished.

Notes
Turn   | Place    | Note
-------+----------+-------------------------------------------
     0 | D:1      | qw the Spriggan Hunter began the quest for the Orb.
     0 | D:1      | Reached XP level 1. HP: 10/10 MP: 2/2
     0 | D:1      | 0 ||| qw: Version: 0.3-a-155-g5e7d8dd
     0 | D:1      | 0 ||| qw: Game counter: 2150
     0 | D:1      | 0 ||| qw: Melee chars always use a shield: true
     0 | D:1      | 0 ||| qw: God list: Okawaru
     0 | D:1      | 0 ||| qw: Allow faded altars: false
     0 | D:1      | 0 ||| qw: Do Orc after clearing Dungeon:15 true
     0 | D:1      | 0 ||| qw: Do second Lair branch before Depths: true
     0 | D:1      | 0 ||| qw: Lair rune preference: random
     0 | D:1      | 0 ||| qw: Goals: Normal
     0 | D:1      | 0 ||| PLANNING D:1-11
    12 | D:1      | Found Rungeko's Distillery.
    23 | D:1      | Reached skill level 3 in Dodging
    29 | D:1      | 29 ||| SHOPLISTING potion of curing (42 gold, have 7).
    29 | D:1      | 29 ||| SHOPLISTING potion of heal wounds (70 gold, have 7).
    66 | D:1      | Reached XP level 2. HP: 14/14 MP: 3/3
    78 | D:1      | Found Zyomeeki's Armour Shoppe.
    92 | D:1      | Found Qywnient's Magic Scroll Shop.
    96 | D:1      | Found Begruik's General Store.
   105 | D:1      | 105 ||| SHOPLISTING 2 scrolls of identify (52 gold, have
                  | 11).
   105 | D:1      | 105 ||| SHOPLISTING scroll of enchant armour (97 gold, have
                  | 11).
   105 | D:1      | 105 ||| SHOPLISTING scroll of identify (26 gold, have 11).
   105 | D:1      | 105 ||| SHOPLISTING scroll of teleportation (39 gold, have
                  | 11).
   113 | D:1      | 113 ||| SHOPLISTING potion of enlightenment (55 gold, have
                  | 11).
   380 | D:1      | Reached XP level 3. HP: 18/18 MP: 4/4
   481 | D:1      | Found Coige's Antique Weapon Boutique.
   486 | D:1      | 486 ||| READING scroll labelled YNNUIZ XONA.
   699 | D:1      | 699 ||| READING scroll labelled WUFINLYB DOLE.
   703 | D:1      | 703 ||| READING scroll labelled ZIT XITUAMPO.
   703 | D:1      | 703 ||| ENCHANTING +0 shortbow.
   704 | D:1      | 704 ||| READING scroll labelled GOD DU REHE.
   737 | D:1      | 737 ||| DRINKING 2 glowing green potions.
   738 | D:1      | 738 ||| DROPPING scroll of butterflies.
  1484 | D:2      | Reached XP level 4. HP: 22/22 MP: 5/5
  1625 | D:2      | 1625 ||| UPGRADING to +0 cloak.
  1630 | D:2      | 1630 ||| UPGRADING to amulet of guardian spirit.
  1635 | D:2      | 1635 ||| READING scroll labelled ZAH ELUETOUBOTU.
  1636 | D:2      | 1636 ||| READING scroll labelled FITZOXTINI.
  1636 | D:2      | 1636 ||| IDENTIFYING emerald potion
  1637 | D:2      | 1637 ||| DRINKING 2 white potions.
  1638 | D:2      | 1638 ||| DROPPING potion of degeneration.
  1739 | D:3      | Reached XP level 5. HP: 26/26 MP: 6/6
  1910 | D:3      | 1910 ||| READING scroll of enchant weapon.
  1910 | D:3      | 1910 ||| ENCHANTING +1 shortbow.
  2017 | D:3      | Found a radiant altar of Vehumet.
  2282 | D:3      | 2282 ||| READING scroll of identify.
  2282 | D:3      | 2282 ||| IDENTIFYING fizzy red potion
  2283 | D:3      | 2283 ||| READING scroll labelled CUDGHOM JICIXT.
  2285 | D:3      | 2285 ||| Stepping ~*~*~tactically~*~*~ (cloud).
  2394 | D:4      | 2394 ||| STAIRDANCE
  2399 | D:4      | 2399 ||| STAIRDANCE
  2485 | D:4      | 2485 ||| STAIRDANCE
  2488 | D:3      | HP: 5/26 [gnoll/+0 whip[a gnoll bouda] (3)]
  2489 | D:3      | 2489 ||| READING scroll of teleportation.
  2490 | D:3      | 2490 ||| DRINKING potion of heal wounds.
  2521 | D:3      | Reached skill level 6 in Ranged Weapons
  2597 | D:4      | 2597 ||| STAIRDANCE
  2623 | D:4      | 2623 ||| STAIRDANCE
  2718 | D:4      | Reached XP level 6. HP: 30/30 MP: 7/7
  2766 | D:4      | Reached skill level 6 in Dodging
  2967 | D:4      | Reached XP level 7. HP: 35/35 MP: 8/8
  2986 | D:4      | Found a staircase to the Ecumenical Temple.
  2987 | D:4      | 2987 ||| PLANNING TEMPLE
  2987 | D:4      | 2987 ||| READING scroll labelled GATEL NOCZUJUO.
  2997 | Temple   | Entered the Ecumenical Temple
  2998 | Temple   | 2998 ||| PLANNING OKAWARU WORSHIP
  3018 | Temple   | Became a worshipper of Warmaster Okawaru
  3019 | Temple   | 3019 ||| PLANNING D:1-11
  3019 | Temple   | 3019 ||| REMOVING amulet of guardian spirit.
  3099 | D:4      | 3099 ||| FLEEEEING.
  3101 | D:4      | 3101 ||| FLEEEEING.
  3102 | D:4      | 3102 ||| FLEEEEING.
  3103 | D:4      | 3103 ||| FLEEEEING.
  3105 | D:4      | 3105 ||| FLEEEEING.
  3106 | D:4      | 3106 ||| FLEEEEING.
  3107 | D:4      | 3107 ||| FLEEEEING.
  3108 | D:4      | 3108 ||| FLEEEEING.
  3109 | D:4      | 3109 ||| FLEEEEING.
  3331 | D:4      | Found an opulent altar of Gozag.
  3618 | D:4      | 3618 ||| FLEEEEING.
  3619 | D:4      | 3619 ||| FLEEEEING.
  3620 | D:4      | 3620 ||| FLEEEEING.
  3621 | D:4      | 3621 ||| FLEEEEING.
  3622 | D:4      | 3622 ||| FLEEEEING.
  3623 | D:4      | 3623 ||| FLEEEEING.
  3624 | D:4      | 3624 ||| FLEEEEING.
  3787 | D:4      | 3787 ||| UPGRADING to +2 cloak.
  3797 | D:4      | 3797 ||| DROPPING +0 cloak.
  3858 | D:5      | Entered Level 5 of the Dungeon
  3867 | D:5      | Noticed a troll
  3868 | D:5      | 3868 ||| DRINKING potion of haste.
  3882 | D:5      | HP: 5/35 [troll (6)]
  3883 | D:5      | 3883 ||| DRINKING potion of heal wounds.
  3887 | D:5      | Killed a troll
  3887 | D:5      | Reached * piety under Okawaru
  3888 | D:5      | Reached skill level 3 in Fighting
  3888 | D:5      | Reached XP level 8. HP: 19/42 MP: 9/9
  4061 | D:5      | Reached skill level 1 in Invocations
  4081 | D:5      | Noticed Menkaure
  4090 | D:5      | 4090 ||| INVOKING Heroism.
  4091 | D:5      | Killed Menkaure
  4591 | D:5      | HP: 10/42 [water moccasin (1)]
  4596 | D:5      | HP: 1/42 [water moccasin (5)]
  4601 | D:5      | Slain by a water moccasin

Levels and vault maps discovered:
D:1:      psy_arrival_terrarium, layout_basic, serial_shops, shop_fountains,
          shop, nicolae_shop_temple_entry_statues_fountains,
          nicolae_shop_tiny_glass, nicolae_shop_window_shopping
D:2:      layout_basic
D:3:      layout_basic, mainiacjoe_overflow_concentric_impassable
D:4:      lemuel_castle_with_subvaults [lemuel_castle_interior_carwin_3],
          layout_gridville, mainiacjoe_overflow_surrounded_room,
          minmay_temple_entry_hall
D:5:      layout_gridville, grunt_ministairs_12, kennysheep_small_square,
          uniq_menkaure
Temple:   hc_temple_tempest_star

Skill      XL: |  1  2  3  4  5  6  7  8 |
---------------+-------------------------+-----
Dodging        | 3 4 5 6 7 8 |  8.0
Ranged Weapons | 5 6 7 8 |  8.0
Fighting       | 2 3 |  3.8
Invocations    | 2 |  2.7
Stealth        | |  1.5

Action                     |  1- 3 |  4- 6 |  7- 9 || total
---------------------------+-------+-------+-------++-------
   Fire: Shortbow          |   107 |   187 |   225 ||   519
 Invoke: Heroism           |       |       |     1 ||     1
    Use: Scroll            |     4 |     6 |     1 ||    11
         Potion            |     1 |     2 |     2 ||     5
 Armour: Robe              |    10 |    29 |    25 ||    64
  Dodge: Dodged            |    33 |    59 |    84 ||   176

Table legend:
 A = Non-vault XP
 B = Vault XP
 C = Vault XP percentage of total XP
 D = Non-vault monster count
 E = Vault monster count
 F = Vault count percentage of total count
                 A         B        C        D         E       F
            +---------+---------+-------+---------+---------+-------
      Total |    1194 |     800 |  40.1 |     119 |      52 |  30.4
            +---------+---------+-------+---------+---------+-------
        D:1 |      56 |       0 |   0.0 |      31 |       0 |   0.0
        D:2 |      43 |       0 |   0.0 |      18 |       0 |   0.0
        D:3 |     242 |       0 |   0.0 |      32 |       0 |   0.0
        D:4 |     339 |     539 |  61.4 |      31 |      49 |  61.2
        D:5 |     514 |     261 |  33.7 |       7 |       3 |  30.0
            +---------+---------+-------+---------+---------+-------
